 Dungeon Crawl Stone Soup version 0.31-a0-640-g39d97e502b (webtiles) character file.

Game seed: 14477928064176579954

5 thirtiethelement the Grave Robber (level 1, 0/13 HPs)
             Began as a Demonspawn Necromancer on Aug 28, 2023.
             Slain by a kobold
             ... wielding a +0 short sword
              (3 damage)
             ... on level 1 of the Dungeon.
             The game lasted 00:00:25 (29 turns).

thirtiethelement the Grave Robber (DsNe)              Turns: 29, Time: 00:00:26

Health: 0/13       AC:  2    Str:  8    XL:     1   Next: 66%
Magic:  0/3        EV: 12    Int: 16    God:
Gold:   0          SH:  0    Dex: 13    Spells: 3/4 levels left

rFire   . . .        c - +0 short sword
rCold   . . .        (no shield)
rNeg    . . .        a - +0 robe
rPois   .            (no helmet)
rElec   .            (no cloak)
rCorr   .            (no gloves)
SInv    .            (no boots)
Will    .....        (no amulet)
Stlth   ++           (no ring)
HPRegen 0.22/turn    (no ring)
MPRegen 0.08/turn

%: no passive effects
@: no status effects
A: no striking features
a: no special abilities


You were on level 1 of the Dungeon.
You visited 1 branch of the dungeon, and saw 1 of its levels.

Inventory:

Hand Weapons
 c - a +0 short sword (weapon)
Armour
 a - a +0 robe (worn)
Potions
 b - a potion of magic


   Skills:
 + Level 1.8 Dodging
 + Level 1.8 Stealth
 + Level 2.0 Spellcasting
 + Level 4.6 Necromancy


You had 3 spell levels left.
You knew the following spells:

 Your Spells              Type           Power      Damage    Failure   Level
a - Necrotise             Necr           64%        1d7       3%          1

Your spell library contained the following spells:

 Spells                   Type           Power      Damage    Failure   Level
 Vampiric Draining        Necr           16%        2d7       10%         3
 Animate Dead             Necr           16%        N/A       30%         4
 Agony                    Necr           16%        N/A       65%         5


Dungeon Overview and Level Annotations

Branches:
Dungeon (1/15)

Altars:


Message History

You hit the kobold.
The kobold is moderately wounded.
The bat closely misses your frilled lizard skeleton.
Your quokka skeleton barely misses the kobold.
The kobold hits you with a +0 dagger.
You hit the kobold.
You kill the kobold!
Your frilled lizard skeleton bites the bat.
The endoplasm closely misses you.
Your quokka skeleton bites the endoplasm but does no damage.
You hit the endoplasm.
The endoplasm is heavily wounded.
The kobold barely misses you. The endoplasm freezes you.
You are frozen.
Your quokka skeleton bites the endoplasm but does no damage.
You hit the endoplasm.
The endoplasm is almost dead.
The kobold hits you but does no damage. The endoplasm freezes you.
You are frozen.
* * * LOW HITPOINT WARNING * * *
Your quokka skeleton bites the endoplasm.
The endoplasm dies!
Your frilled lizard skeleton bites the bat.
You hit the kobold but do no damage. The bat barely misses you.
The bat barely misses your frilled lizard skeleton.
The kobold barely misses you.
Your quokka skeleton bites the kobold.
Your frilled lizard skeleton barely misses the bat.
You closely miss the kobold.
The kobold is severely wounded.
The bat barely misses you.
Your quokka skeleton bites the kobold but does no damage.
The kobold hits your quokka skeleton with a +0 short sword.
You hit the kobold but do no damage.
The kobold is severely wounded.
The bat hits your quokka skeleton.
Your frilled lizard skeleton bites the bat.
The kobold hits you with a +0 short sword.
You die...

.....# ....# .##
###...#### ..# ........#
...# #######
#...##.###...#.
......####...#..........
..⌠..............Zb.....
⌠...⌠..##..###....Z.....
......####......@K.....#
..⌠..## ######.###.....
#...## .... ....
#...#### ###.## ..
..<....# ..# ...........
..# .....⌠....⌠ ##.#
..#....⌠... #.
#####....⌠.


You could see a bat (ally target), a kobold, a friendly frilled lizard skeleton
and a friendly quokka skeleton.

Vanquished Creatures
  An endoplasm (D:1)
  A quokka (D:1)
  A frilled lizard (D:1)
  A kobold (D:1)
4 creatures vanquished.

Vanquished Creatures (collateral kills)
  An endoplasm (D:1)
1 creature vanquished.

Grand Total: 5 creatures vanquished

Notes
Turn   | Place    | Note
-------+----------+-------------------------------------------
     0 | D:1      | thirtiethelement the Demonspawn Necromancer began the quest
                  | for the Orb.
     0 | D:1      | Reached XP level 1. HP: 13/13 MP: 3/3
    29 | D:1      | Slain by a kobold

Illustrated notes

Levels and vault maps discovered:
D:1:      dpeg_arrival_leaves_temple_mockup, layout_loops_ring, minmay_unequal

Action                     || total
---------------------------++-------
  Melee: Short sword       ||     7
   Cast: Necrotise         ||     4
 Armour: Robe              ||     2
  Dodge: Dodged            ||     7

Table legend: (Time is in decaauts)
 A = Elapsed time spent in this place.
 B = Non-inter-level travel time spent in this place.
 C = Inter-level travel time spent in this place.
 D = Time resting spent in this place.
 E = Time spent auto-exploring this place.
 F = Levels seen in this place.
 G = Mean time per level.
                   A        B        C        D        E       F      G
               +--------+--------+--------+--------+--------+-----+--------+
         Total |     28 |     28 |      0 |      0 |      6 |   1 |   28.0 |
       Dungeon |     28 |     28 |      0 |      0 |      6 |   1 |   28.0 |
               +--------+--------+--------+--------+--------+-----+--------+

Top non-repeatable levels by time:
     D:1: 28 daAuts
